 Dungeon Crawl Stone Soup version 0.18-a0-1243-g9e52518 (webtiles) character file.

340 vatarom the Ducker (level 6, 0/59 HPs)
             Began as an Ogre Hunter on Feb 5, 2016.
             Slain by Natasha (6 damage)
             ... on level 3 of the Dungeon.
             The game lasted 00:10:40 (3885 turns).

vatarom the Ducker (Ogre Hunter)                    Turns: 3885, Time: 00:10:41

Health: 0/59       AC:  4    Str: 18    XL:     6   Next: 56%
Magic:  6/6        EV: 12    Int: 10    God:
Gold:   193        SH:  0    Dex: 12    Spells: 0 memorised, 5 levels left

rFire  . . .     SeeInvis .     c - +2 dagger (venom)
rCold  . . .     Gourm    .     b - +1 robe
rNeg   . . .     Faith    .     (no shield)
rPois  .         Spirit   .     (helmet restricted)
rElec  .         Dismiss  .     (no cloak)
rCorr  .         Reflect  .     (gloves unavailable)
SustAt .         Harm     .     (boots unavailable)
MR     .....                    (no amulet)
Stlth  +.........               (no ring)
                                (no ring)

@: not resistant to hostile enchantments, very unstealthy
A: unfitting armour, tough skin 1
a: no special abilities


You were on level 3 of the Dungeon.
You were hungry.

You visited 1 branch of the dungeon, and saw 4 of its levels.

You collected 193 gold pieces.

Inventory:

Hand Weapons
 c - a +2 dagger of venom (weapon)
 i - a +0 whip
Armour
 b - a +1 robe (worn)
Wands
 h - a wand of lightning (5/15)
Scrolls
 g - 3 scrolls of identify
 n - 2 scrolls of remove curse
 o - a scroll of recharging {unknown}
 p - a scroll of immolation {unknown}
 s - a scroll of enchant armour
Potions
 r - a potion of curing
Books
 j - a book of the Earth

   Spells                             Type                      Level
   a - Leda's Liquefaction            Hexes/Earth                  4
   b - Bolt of Magma                  Conjuration/Fire/Earth       5
   c - Statue Form                    Transmutation/Earth          6
   d - Iron Shot                      Conjuration/Earth            6
   e - Shatter                        Earth                        9
Comestibles
 f - 6 fruits
 k - a bread ration
 m - 2 beef jerkies


   Skills:
 - Level 2.6 Fighting
 + Level 4.4 Maces & Flails
 - Level 4.0 Throwing
 + Level 5.2 Dodging
 - Level 0.7 Stealth


You had 5 spell levels left.
You didn't know any spells.

Dungeon Overview and Level Annotations

Branches:
Dungeon (4/15)
 Temple: D:4-7

Altars:
Pakellas
Trog

Annotations:
D:3 Natasha
D:4 anything's ghost, amateur CeHu


Innate Abilities, Weirdness & Mutations

You are too large for most types of armour.
You have tough skin (AC +1).


Message History

Natasha is moderately wounded.
Natasha claws you.
* * * LOW HITPOINT WARNING * * *
You closely miss Natasha.
Natasha is moderately wounded.
Natasha claws you.
* * * LOW HITPOINT WARNING * * *
You barely miss Natasha.
Natasha is moderately wounded.
Natasha barely misses you.
Unknown command.
You hit Natasha.
Natasha is poisoned.
Natasha is moderately wounded.
Natasha claws you.
* * * LOW HITPOINT WARNING * * *
You barely miss Natasha.
Natasha is moderately wounded.
You are feeling hungry.
Natasha claws you.
You die...

### ##.## ####.#.##
#>@h###.# #.##.#.##
#.###.##
#.###.###########
#.##.#.(........##
#.###.#..........##
#.# ###.#######....
#.# #.....# #...#
#.# #.....# #...#


You could see Natasha.

Vanquished Creatures
  A scorpion (D:4)
  A giant frog skeleton (D:4)
  An iguana (D:4)
  Natasha (twice) (D:3)
  A worker ant (D:4)
  Robin (D:3)
  8 adders
  2 oozes
  A worm (D:2)
  A giant gecko (D:2)
  An orc (D:3)
  3 bats
  2 giant cockroaches
  17 goblins
  6 hobgoblins
  3 jackals (D:1)
  10 kobolds
  11 rats
72 creatures vanquished.

Notes
Turn   | Place    | Note
--------------------------------------------------------------
     0 | D:1      | vatarom the Ogre Hunter began the quest for the Orb.
     0 | D:1      | Reached XP level 1. HP: 22/22 MP: 1/1
   266 | D:1      | Reached XP level 2. HP: 11/29 MP: 2/2
   749 | D:1      | Reached XP level 3. HP: 27/36 MP: 3/3
  1340 | D:2      | Reached XP level 4. HP: 28/44 MP: 4/4
  2019 | D:2      | Found a bloodstained altar of Trog.
  2062 | D:2      | Reached skill level 1 in Maces & Flails
  2269 | D:3      | Reached XP level 5. HP: 46/50 MP: 5/5
  2366 | D:3      | Noticed Robin
  2400 | D:3      | Killed Robin
  2720 | D:3      | Noticed Natasha
  2727 | D:3      | Killed Natasha
  2845 | D:3      | Found an oddly glowing altar of Pakellas.
  3034 | D:3      | Noticed Natasha
  3043 | D:3      | Killed Natasha
  3551 | D:4      | Reached XP level 6. HP: 42/59 MP: 6/6
  3557 | D:4      | Reached skill level 5 in Dodging
  3731 | D:4      | Noticed anything's ghost (amateur CeHu)
  3874 | D:3      | Noticed Natasha
  3885 | D:3      | Slain by Natasha

Vault maps used:
D:1:      lightli_arrival_noodles
D:2:      dk_vineyard_3, minmay_door_square, trog_three_pillars_becter
D:3:      grunt_pakellas_basics, uniq_robin, uniq_natasha
D:4:      trog_eyes_of_draining, first_bread, uniq_duvessa

Action                   |  1- 3 |  4- 6 || total
-------------------------+-------+-------++-------
Melee: Short sword       |    97 |    33 ||   130
       Dagger            |       |   134 ||   134
       Whip              |       |     9 ||     9
Throw: Large rock        |     5 |    10 ||    15
       Throwing net      |       |     4 ||     4
  Use: Potion            |     3 |     4 ||     7
       Scroll            |     2 |     3 ||     5
 Stab: Sleeping          |     3 |     2 ||     5
  Eat: Bread ration      |     1 |       ||     1
       Chunk             |       |     3 ||     3
       Fruit             |       |     2 ||     2
